AoeStats
← HydroAoE

Arena

504185932Analyzed
3v3 RM · 29d ago on Sep 4, 2026· 49m 30s· 6 players
Game mode
Random Map
Map size
Normal (6 player)
Population
200
Speed
Normal
Resources
Standard
Victory
Conquest
Starting age
Dark Age
Ending age
Imperial Age
RankedLock teamsTeams togetherTeam positionsShared explorationLock speedFull tech treeHidden civsTurbo modeCheats
Victory
Defeat
🇰🇿 Maya · Kazakhstan
1046
+11
🇩🇪 Persians · Germany
972
+15
🇦🇷 Celts · Argentina
959
+15
🇨🇳 Bulgarians · China
1090
-19
🇨🇳 Shu · China
1007
-16
🇨🇳 Chinese · China
735
-6
HydroAoE
7:02 Loom
11:59 Feudal Age
12:43 Double-Bit Axe
15:34 Castle Age
13:38 Horse Collar
18:24 Bow Saw
23:07 Wheelbarrow
23:04 Husbandry
23:15 Bloodlines
25:22 Scale Barding Armor
25:28 Forging
26:13 Gold Mining
26:28 Heavy Plow
31:14 Imperial Age
28:55 Fletching
29:42 Iron Casting
29:55 Gold Shaft Mining
30:15 Hand Cart
30:50 Ballistics
30:55 Chain Barding Armor
31:17 Bodkin Arrow
31:25 Padded Archer Armor
32:35 Chemistry
31:37 Town Watch
31:47 Cavalier
34:19 Elite Skirmisher
35:39 Plate Barding Armor
36:07 Conscription
36:29 Savar
37:23 Thumb Ring
42:42 Blast Furnace
41:58 Leather Archer Armor
44:46 Kamandaran
45:37 Citadels
46:23 Ring Archer Armor
46:48 Masonry
46:29 Heated Shot
46:41 Murder Holes
Korya
11:33 Feudal Age
12:54 Double-Bit Axe
12:53 Horse Collar
15:46 Castle Age
17:37 Bow Saw
17:30 Heavy Plow
24:04 Fletching
24:11 Stone Mining
25:57 Wheelbarrow
25:10 Loom
25:48 Crossbowman
26:44 Bodkin Arrow
27:40 Padded Archer Armor
28:05 Hand Cart
28:43 Ballistics
28:34 Masonry
28:51 Thumb Ring
29:03 Gold Mining
29:52 Leather Archer Armor
30:40 Town Watch
32:06 Stone Shaft Mining
35:03 Imperial Age
32:32 Treadmill Crane
35:14 Town Patrol
35:40 Murder Holes
36:06 Conscription
35:12 Elite Plumed Archer
37:11 Chemistry
36:14 Bracer
36:44 Ring Archer Armor
38:16 Two-Man Saw
40:14 Hoardings
45:27 Architecture
45:31 Crop Rotation
48:55 Eagle Warrior
49:37 Squires
49:22 Arson
49:50 Forging
49:40 Scale Mail Armor
ENGTILLDIE
3:33 Loom
10:53 Feudal Age
16:08 Castle Age
14:25 Double-Bit Axe
15:14 Horse Collar
15:50 Town Watch
16:30 Pikeman
17:51 Scale Mail Armor
24:16 Chain Mail Armor
24:59 Forging
33:48 Fletching
34:43 Wheelbarrow
39:29 Imperial Age
38:00 Bodkin Arrow
39:47 Capped Ram
41:37 Halberdier
45:06 Conscription
45:39 Plate Mail Armor
46:41 Iron Casting
48:11 Onager
50:26 Blast Furnace
49:54 Padded Archer Armor
_TY_梦涯
9:46 Feudal Age
8:36 Loom
11:48 Double-Bit Axe
14:08 Castle Age
12:21 Horse Collar
15:17 Bow Saw
25:32 Fervor
26:43 Bloodlines
26:33 Husbandry
32:17 Wheelbarrow
31:27 Town Watch
32:19 Heavy Plow
35:17 Imperial Age
32:50 Scale Mail Armor
33:06 Forging
33:02 Scale Barding Armor
32:49 Pikeman
35:11 Iron Casting
34:51 Chain Mail Armor
34:42 Murder Holes
34:58 Masonry
34:53 Squires
34:38 Arson
34:44 Light Cavalry
35:31 Gold Mining
35:35 Stone Mining
35:44 Gambesons
36:49 Plate Mail Armor
37:30 Blast Furnace
36:50 Chain Barding Armor
36:30 Capped Ram
38:59 Conscription
38:14 Siege Ram
39:13 Cavalier
40:01 Stirrups
41:04 Plate Barding Armor
41:01 Fletching
41:12 Padded Archer Armor
42:19 Hussar
42:58 Bodkin Arrow
45:16 Leather Archer Armor
45:01 Bracer
46:09 Onager
48:53 Elite Skirmisher
2234HAL
10:50 Feudal Age
12:19 Double-Bit Axe
12:16 Horse Collar
15:11 Castle Age
14:03 Gold Mining
17:24 Bow Saw
17:44 Loom
18:38 Wheelbarrow
19:10 Gold Shaft Mining
19:27 Fletching
19:48 Forging
19:44 Scale Barding Armor
20:22 Pikeman
22:15 Bodkin Arrow
22:55 Town Watch
26:31 Husbandry
27:28 Crossbowman
29:11 Padded Archer Armor
32:50 Thumb Ring
33:08 Chain Barding Armor
37:44 Leather Archer Armor
38:49 Coiled Serpent Array
41:47 Imperial Age
梁山
0:33 Loom
10:17 Feudal Age
11:12 Double-Bit Axe
11:09 Horse Collar
13:59 Gold Mining
21:11 Castle Age
19:48 Stone Mining
20:10 Padded Archer Armor
20:01 Fletching
28:25 Bodkin Arrow
28:45 Leather Archer Armor
29:34 Bow Saw
29:32 Heavy Plow
32:58 Gold Shaft Mining
32:59 Stone Shaft Mining
34:18 Ballistics
33:22 Pikeman
34:03 Squires
37:51 Imperial Age
35:36 Arson
37:58 Elite Chu Ko Nu
39:55 Halberdier
46:54 Ring Archer Armor
46:24 Bracer
47:36 Chemistry
Connection lost

Rejoining the realm…

Still unreachable

The connection could not be restored.

Session expired

The server has moved on; the page needs a fresh start.